 Dungeon Crawl Stone Soup version 0.20-a0-3-g334f831 (webtiles) character file.

1308 pokedragonboy the Covered (level 8, 0/75 HPs)
             Began as a Deep Dwarf Fighter on Oct 30, 2016.
             Slain by an ogre
             ... wielding a +0 giant club
              (6 damage)
             ... on level 6 of the Dungeon.
             The game lasted 00:09:13 (3901 turns).

pokedragonboy the Covered (Deep Dwarf Fighter)      Turns: 3901, Time: 00:09:13

Health: 0/75       AC: 13    Str: 22    XL:     8   Next: 32%
Magic:  6/6        EV:  6    Int:  9    God:
Gold:   269        SH: 10    Dex: 12    Spells: 0 memorised, 7 levels left

rFire  . . .     SeeInvis +     a - +1 war axe
rCold  . . .     Gourm    .     g - +0 chain mail
rNeg   . . .     Faith    .     c - +0 shield
rPois  +         Spirit   .     (no helmet)
rElec  .         Reflect  .     m - +1 cloak
rCorr  .         Harm     .     y - +0 pair of gloves
MR     +....                    (no boots)
Stlth  ..........               (no amulet)
                                z - ring of poison resistance
                                n - ring of see invisible

@: non-regenerating
A: damage resistance, recharge devices, sense surroundings 1, slow regeneration
3
a: Device Recharging


You were on level 6 of the Dungeon.
You were not hungry.

You visited 2 branches of the dungeon, and saw 7 of its levels.

You collected 269 gold pieces.

Inventory:

Hand Weapons
 a - a +1 war axe (weapon)
Armour
 c - a +0 shield (worn)
 g - a +0 chain mail (worn)
 m - a +1 cloak (worn)
 y - a +0 pair of gloves (worn)
Jewellery
 d - an uncursed ring of resist corrosion
 n - a ring of see invisible (left hand)
 z - a ring of poison resistance (right hand)
Wands
 e - a wand of heal wounds (5/9)
 j - a wand of iceblast (3/15)
 k - a wand of random effects (23/48)
 s - a wand of acid (5/15)
 x - a wand of digging (13/24)
Scrolls
 b - a scroll of teleportation
 l - 7 scrolls of remove curse
 r - a scroll of immolation
Potions
 i - 2 potions of brilliance
 o - a potion of magic {unknown}
 q - a potion of haste {unknown}
 u - a potion of flight {unknown}
Comestibles
 f - 5 bread rations
 h - a beef jerky
 p - a meat ration
 t - 5 fruits
 v - 9 chunks of flesh


   Skills:
 * Level 5.5 Fighting
 + Level 5.9 Axes
 + Level 6.3 Armour
 - Level 0.2 Dodging
 - Level 6.2 Shields


You had 7 spell levels left.
You didn't know any spells.

Dungeon Overview and Level Annotations

Branches:
Dungeon (6/15)             Temple (1/1) D:6

Altars:
Cheibriados
Dithmenos
Elyvilon
Fedhas
Gozag
Hepliaklqana
Kikubaaqudgha
Nemelex Xobeh
Okawaru
Ru
Sif Muna
Trog
Vehumet
Xom
Yredelemnul
Zin
The Shining One

Shops:
D:4 %

Annotations:
D:6 exclusion: oklob plant


Innate Abilities, Weirdness & Mutations

You are resistant to damage.
You can recharge devices by infusing magical energy.
You passively map a small area around you.
You do not regenerate.


Message History

An ogre comes into view. It is wielding a giant club.
The ogre hits you with a giant club.
Your shield and chain mail prevent you from hitting the ogre.
You block the ogre's attack.
You hit the ogre.
The ogre is moderately wounded.
The ogre hits you with a giant club!
* * * LOW HITPOINT WARNING * * *
You hit the ogre.
The ogre is moderately wounded.
The ogre hits you with a giant club!
* * * LOW HITPOINT WARNING * * *
You hit the ogre but do no damage.
The ogre is moderately wounded.
The ogre hits you with a giant club.
* * * LOW HITPOINT WARNING * * *
You hit the ogre.
The ogre is heavily wounded.
The ogre hits you with a giant club!
You die...

*,* *,* *,,........
#.#****,***,*,.#.###.
#...,,,,,,,,,........
#..#*******,*###.####
#..# *,* *,* #.(# *,*
*,* #..# **####.** #,*
#..###......,* #.*
#...@O......,* #.###
#.)###...###,* #...##
#).# **#.# *.###.#..#
#..# *,# #......... #..#
*,* #####..... ####.####
*,* #...≈≈≈ #.......#
*,*****#..≈≈≈≈ #.......#
*,,,,,,#..≈≈♣≈
#.......########,#..≈≈≈≈


You could see an ogre.

Vanquished Creatures
  Edmund (D:4)
  Menkaure (D:4)
  A sky beast (D:6)
  An ogre (D:6)
  A black bear (D:6)
  A centaur (D:6)
  2 scorpions
  A hound (D:5)
  5 jellies (D:6)
  3 orc priests
  Terence (D:3)
  Ijyb (D:2)
  3 worker ants
  A mummy (D:5)
  2 adders
  7 gnolls (D:6)
  A shadow imp (D:5)
  12 oozes (D:6)
  An adder zombie (D:5)
  A dart slug (D:4)
  4 leopard geckos
  10 orcs
  5 bats
  3 giant cockroaches
  6 goblins
  8 hobgoblins
  4 jackals (D:2)
  4 quokkas
  A ball python (D:2)
  6 frilled lizards
  5 kobolds
  A quokka skeleton (D:5)
  6 rats
110 creatures vanquished.

Vanquished Creatures (others)
  6 fungi (D:6)
6 creatures vanquished.

Grand Total: 116 creatures vanquished

Notes
Turn   | Place    | Note
-------+----------+-------------------------------------------
     0 | D:1      | pokedragonboy the Deep Dwarf Fighter began the quest for the Orb.
     0 | D:1      | Reached XP level 1. HP: 20/20 MP: 1/1
   174 | D:1      | Reached XP level 2. HP: 25/27 MP: 2/2
   504 | D:2      | Noticed Ijyb
   512 | D:2      | Killed Ijyb
   512 | D:2      | Reached XP level 3. HP: 32/34 MP: 3/3
   737 | D:2      | Found a snail-covered altar of Cheibriados.
  1063 | D:3      | Reached XP level 4. HP: 33/42 MP: 4/4
  1068 | D:3      | Noticed Terence
  1084 | D:3      | Killed Terence
  1164 | D:3      | Reached XP level 5. HP: 40/49 MP: 5/5
  1791 | D:4      | Reached XP level 6. HP: 39/57 MP: 6/6
  1960 | D:4      | Noticed Edmund
  1981 | D:4      | Killed Edmund
  2155 | D:4      | Noticed Menkaure
  2167 | D:4      | Killed Menkaure
  2167 | D:4      | Reached skill level 5 in Armour
  2167 | D:4      | Reached skill level 5 in Shields
  2254 | D:4      | Reached XP level 7. HP: 59/66 MP: 6/6
  2388 | D:4      | Found Nogaps's Food Emporium.
  2591 | D:5      | Entered Level 5 of the Dungeon
  2864 | D:5      | Found a snail-covered altar of Cheibriados.
  3077 | D:6      | Noticed an oklob plant
  3090 | D:6      | Reached skill level 5 in Axes
  3134 | D:6      | Reached skill level 5 in Fighting
  3157 | D:6      | Found a staircase to the Ecumenical Temple.
  3165 | Temple   | Entered the Ecumenical Temple
  3544 | D:6      | Found a white marble altar of Elyvilon.
  3551 | D:6      | Reached XP level 8. HP: 44/74 MP: 6/6
  3901 | D:6      | Slain by an ogre

Vault maps used:
D:1:      dpeg_arrival_tiny_a
D:2:      first_bread, cheibriados_altar_1, uniq_iyjb
D:3:      uniq_terence
D:4:      serial_shops, kennysheep_mini, uniq_menkaure, uniq_edmund
D:5:      chei_slow_surprise
D:6:      lemuel_slime, elyvilon_altar_3, old_standard_altar, uniq_sigmund
Temple:   regret_index_temple_sphere_string

Skill      XL: |  1  2  3  4  5  6  7  8 |
---------------+-------------------------+-----
Fighting       | 3 4 5 |  5.5
Axes           | 3 4 5 |  5.9
Armour         | 4 5 6 |  6.3
Shields        | 4 5 6 |  6.2
Dodging        | |  0.2

Action                   |  1- 3 |  4- 6 |  7- 9 || total
-------------------------+-------+-------+-------++-------
Melee: War axe           |   103 |   142 |   165 ||   410
 Abil: Device Recharging |       |     1 |     1 ||     2
Evoke: Wand              |       |     8 |     2 ||    10
  Use: Scroll            |     4 |     4 |     4 ||    12
       Potion            |       |     1 |     1 ||     2
  Eat: Chunk             |     1 |     4 |     2 ||     7
       Meat ration       |       |       |     1 ||     1
Armor: Scale mail        |    33 |    14 |       ||    47
       Chain mail        |       |    58 |    83 ||   141
Dodge: Dodged            |    30 |    26 |    46 ||   102
Block: Shield            |    57 |    90 |    79 ||   226
